 Dungeon Crawl Stone Soup version 0.16.0-12-g7215832 (webtiles) character file.

1152 kae the Conjurer (level 8, -3/41 HPs)
             Began as a Tengu Fire Elementalist on Mar 18, 2015.
             Was a Believer of Vehumet.
             Slain by a centaur (6 damage)
             ... on level 6 of the Dungeon.
             The game lasted 00:10:29 (5550 turns).

kae the Conjurer (Tengu Fire Elementalist)          Turns: 5550, Time: 00:10:29

Health: -3/41      AC:  5    Str:  9    XL:     8   Next: 38%
Magic:  16/29      EV: 12    Int: 18    God:    Vehumet [**....]
Gold:   258        SH:  0    Dex: 14    Spells: 3 memorised, 9 levels left

rFire  + . .     SeeInvis .     a - +3 trident (venom)
rCold  x . .     Clarity  .     i - +0 robe
rNeg   . . .     SustAb   .     (no shield)
rPois  .         Gourm    .     (helmet restricted)
rElec  .         Spirit   .     u - +0 cloak
rCorr  .         Warding  .     m - +1 pair of gloves
rMut   .         Stasis   .     (boots unavailable)
MR     .....                    (no amulet)
Stlth  ++........               y - ring of magical power
                                l - ring of fire

@: very slightly contaminated, not resistant to hostile enchantments, unstealthy
A: able to fly, beak, talons 3
a: Fly, Renounce Religion


You were on level 6 of the Dungeon.
You worshipped Vehumet.
Vehumet was pleased with you.
You were not hungry.

You visited 1 branch of the dungeon, and saw 6 of its levels.

You collected 258 gold pieces.

Inventory:

Hand weapons
 a - a +3 trident of venom (weapon)
 b - a +0 hand axe
Armour
 i - a +0 robe (worn)
 m - a +1 pair of gloves (worn)
 u - a +0 cloak (worn)
Jewellery
 l - a ring of fire (left hand)
 r - a +2 ring of strength
 t - a +3 ring of evasion
 y - a ring of magical power (right hand)
Magical devices
 o - a wand of random effects (32)
 z - a wand of enslavement (23)
 F - a wand of frost (32)
Scrolls
 e - 2 scrolls of enchant armour
 g - a scroll of remove curse
 h - 4 scrolls of identify
 q - a scroll of teleportation
 v - a scroll of fog
 E - a scroll of random uselessness {unknown}
Potions
 n - a potion of heal wounds
 p - a potion of invisibility {unknown}
 w - a potion of flight {unknown}
 x - a potion of poison {unknown}
 A - a potion of restore abilities {unknown}
 B - a potion of agility {unknown}
 C - a potion of curing {unknown}
 D - a potion of might {unknown}
Books
 s - a book of Flames

   Spells                             Type                      Level
   a - Flame Tongue                   Conjuration/Fire             1
   b - Throw Flame                    Conjuration/Fire             2
   c - Conjure Flame                  Conjuration/Fire             3
   d - Inner Flame                    Hexes/Fire                   3
   e - Sticky Flame                   Conjuration/Fire             4
   f - Fireball                       Conjuration/Fire             5
Comestibles
 c - 4 bread rations
 d - a beef jerky
 f - 4 fruits
 j - 2 slices of pizza
 k - 4 meat rations


   Skills:
 - Level 2.1 Dodging
 - Level 2.0 Stealth
 + Level 4.4 Spellcasting
 * Level 7.8 Conjurations
 * Level 7.5 Fire Magic


You had 9 spell levels left.
You knew the following spells:

 Your Spells              Type           Power        Failure   Level  Hunger
a - Flame Tongue          Conj/Fire      #####        1%          1    None
b - Throw Flame           Conj/Fire      #####.       1%          2    #......
c - Conjure Flame         Conj/Fire      #####...     1%          3    ###....


Dungeon Overview and Level Annotations

Branches:
Dungeon (6/15)             Temple (0/1) D:5

Altars:
Nemelex Xobeh
Vehumet


Innate Abilities, Weirdness & Mutations

You can fly.
You have a beak for a mouth.
You have claws for feet.


Message History

The centaur closely misses you. The centaur hits you.
* * * LOW HITPOINT WARNING * * *
Casting: Flame Tongue
Confirm with . or Enter, or press ? or * to list all spells.
Aiming: Flame Tongue
Press: ? - help, Shift-Dir - straight line, f/p - centaur
Aim: a centaur (almost dead)
You feel a surge of power!
The flame tongue hits the centaur.
The centaur appears unharmed.
The centaur is almost dead.
The centaur hits you but does no damage.
Casting: Flame Tongue
Confirm with . or Enter, or press ? or * to list all spells.
Aiming: Flame Tongue
Press: ? - help, Shift-Dir - straight line, f/p - centaur
Aim: a centaur (almost dead)
You feel a surge of power!
The flame tongue hits the centaur.
The centaur is almost dead.
The centaur closely misses you. The centaur hits you.
You die...

#..........#.#.........#.
#.......##.#.#.........#.
#.....................#.
##.......##...........#.
#....................#.
#.......###..........#.
#......................
#...(...(....#.........
#...))@......######....
#.)#.c(####....#.......
#.##.###....##.#.##....
#.....###......<........
#..................##....
#.................###....
#........................
#..................#.....
. ...................


You could see a centaur.

Vanquished Creatures
  The ghost of kae the Conjurer, an average TeFE of Vehumet (D:4)
  A phantom (D:4)
  Blork the orc (D:4)
  2 giant frogs (D:6)
  2 scorpions
  A crimson imp (D:6)
  A giant frog skeleton (D:5)
  Crazy Yiuf (D:4)
  An orc priest (D:5)
  3 hounds
  A centaur skeleton (D:4)
  3 orc wizards
  4 worker ants (D:4)
  Ijyb (D:4)
  A hound skeleton (D:6)
  4 gnolls (D:5)
  5 adders
  3 worms
  A shadow imp (D:6)
  An adder skeleton (D:5)
  4 giant geckos
  9 orcs
  A ball python (D:2)
  5 hobgoblins
  5 jackals (D:3)
  5 quokkas
  5 bats
  A giant cockroach (D:3)
  A giant gecko skeleton (D:4)
  4 giant newts
  9 goblins
  A jackal zombie (D:5)
  4 kobolds
  9 rats
101 creatures vanquished.

Notes
Turn   | Place    | Note
--------------------------------------------------------------
     0 | D:1      | kae, the Tengu Fire Elementalist, began the quest for the Orb.
     0 | D:1      | Reached XP level 1. HP: 10/10 MP: 3/3
   405 | D:1      | Reached XP level 2. HP: 1/15 MP: 3/5
  1237 | D:2      | Reached skill level 4 in Fire Magic
  1237 | D:2      | Reached XP level 3. HP: 19/19 MP: 2/7
  1282 | D:2      | Found a radiant altar of Vehumet.
  1292 | D:2      | Became a worshipper of Vehumet
  1558 | D:3      | Found a sparkling altar of Nemelex Xobeh.
  2161 | D:4      | Noticed a phantom
  2563 | D:3      | Learned a level 2 spell: Throw Flame
  2567 | D:3      | Learned a level 3 spell: Conjure Flame
  2596 | D:4      | Killed a phantom
  2596 | D:4      | Reached XP level 4. HP: 17/24 MP: 4/9
  2596 | D:4      | Reached XP level 5. HP: 19/28 MP: 4/12
  2702 | D:4      | Noticed kae's ghost (average TeFE)
  2750 | D:3      | Acquired Vehumet's first power
  2750 | D:3      | Offered knowledge of Shock by Vehumet.
  2750 | D:3      | Reached skill level 5 in Fire Magic
  2971 | D:4      | Killed kae's ghost
  2971 | D:4      | Reached skill level 5 in Conjurations
  2971 | D:4      | Reached XP level 6. HP: 29/32 MP: 3/15
  3168 | D:4      | Noticed Ijyb
  3173 | D:4      | Killed Ijyb
  3216 | D:4      | Reached XP level 7. HP: 36/36 MP: 17/17
  3448 | D:4      | Noticed a scorpion
  3453 | D:4      | Killed a scorpion
  3453 | D:4      | Reached skill level 6 in Fire Magic
  3550 | D:4      | Noticed Blork the orc
  3618 | D:4      | Killed Blork the orc
  3621 | D:4      | Offered knowledge of Freeze by Vehumet.
  3880 | D:4      | Noticed Crazy Yiuf
  3889 | D:4      | Killed Crazy Yiuf
  4317 | D:5      | Entered Level 5 of the Dungeon
  4577 | D:5      | Found a staircase to the Ecumenical Temple.
  4760 | D:5      | Reached skill level 7 in Conjurations
  4760 | D:5      | Reached XP level 8. HP: 35/41 MP: 20/20
  5550 | D:6      | Slain by a centaur

Action                   |  1- 3 |  4- 6 |  7- 9 || total
-------------------------+-------+-------+-------++-------
Melee: Unarmed           |    12 |       |       ||    12
       Hand axe          |    18 |     4 |       ||    22
       Trident           |       |     2 |    29 ||    31
 Cast: Flame Tongue      |    69 |    18 |    93 ||   180
       Conjure Flame     |     1 |     1 |     2 ||     4
       Throw Flame       |       |    16 |    11 ||    27
  Use: Scroll            |     8 |       |       ||     8
 Stab: Sleeping          |       |       |     2 ||     2
  Eat: Chunk             |     4 |     3 |     8 ||    15
       Beef jerky        |     1 |       |       ||     1
